 Dungeon Crawl Stone Soup version 0.17.0-18-gaab0e96 (webtiles) character file.

207766 oplop the Impaler (level 18, -14/142 HPs)
             Began as a Merfolk Ice Elementalist on Nov 11, 2015.
             Was the Champion of Cheibriados.
             Shot with a bolt by Vashnia (27 damage)
             ... on level 4 of the Snake Pit on Nov 12, 2015.
             The game lasted 01:59:24 (45448 turns).

oplop the Impaler (Merfolk Ice Elementalist)       Turns: 45448, Time: 01:59:24

Health: -14/142    AC: 11    Str: 33    XL:     18   Next: 76%
Magic:  8/33       EV: 33    Int: 32    God:    Cheibriados [******]
Gold:   1866       SH:  0    Dex: 31    Spells: 6 memorised, 18 levels left

rFire  + . .     SeeInvis .     a - +0 glaive "Furic" {flame, rF+ Str+4}
rCold  + + .     Clarity  +     u - +4 leather armour "Jaschen" {*Corrode rN+ Slay+3}
rNeg   + + .     SustAt   .     (shield currently unavailable)
rPois  +         Gourm    .     H - +0 helmet
rElec  .         Spirit   .     M - +0 cloak of the King of the Hill {rPois rC+ rCorr}
rCorr  +         Warding  .     C - +0 pair of gloves of the Fifty Curses {*Drain rF+ rN+ Str+2} (curse)
rMut   .         Stasis   .     R - +0 pair of boots
MR     ++...                    O - amulet of clarity
Stlth  +++.......               m - ring of protection from magic
                                j - ring of ice

@: very slightly contaminated, very slow, very resistant to hostile
enchantments, fairly stealthy
A: change form in water, swift swim, no device heal 1
a: Bend Time, Temporal Distortion, Slouch, Step From Time, Renounce Religion
}: 1/15 runes: decaying


You were on level 4 of the Snake Pit.
You worshipped Cheibriados.
Cheibriados was exalted by your worship.
You were not hungry.

You visited 6 branches of the dungeon, and saw 36 of its levels.

You collected 3123 gold pieces.
You spent 1257 gold pieces at shops.

Inventory:

Hand Weapons
 a - the +0 glaive "Furic" (weapon) {flame, rF+ Str+4}
   (You bought it in a shop on level 4 of the Orcish Mines)

   It has been specially enchanted to burn those struck by it, causing extra
   injury to most foes and up to half again as much damage against particularly
   susceptible opponents.
   Big, fiery blades are also staple armaments of hydra-hunters.
   It affects your strength (+4).
   It protects you from fire.
Armour
 u - the +4 leather armour "Jaschen" (worn) {*Corrode rN+ Slay+3}
   (You found it on level 15 of the Dungeon)

   It affects your accuracy and damage with ranged weapons and melee attacks
   (+3).
   It protects you from negative energy.
   It may corrode your equipment when you take damage.
 C - the cursed +0 pair of gloves of the Fifty Curses (worn) {*Drain rF+ rN+ Str+2}
   (You found it on level 14 of the Dungeon)

   It affects your strength (+2).
   It protects you from fire.
   It protects you from negative energy.
   It causes draining when unequipped.
   It has a curse placed upon it.
 H - a +0 helmet (worn)
 M - the +0 cloak of the King of the Hill (worn) {rPois rC+ rCorr}
   (You found it on level 5 of the Dungeon)

   It protects you from cold.
   It protects you from poison.
   It protects you from acid and corrosion.
 R - a +0 pair of boots (worn)
 X - a +2 robe of resistance
Magical Staves
 o - an uncursed staff of cold
Rods
 b - a +6 rod of destruction (13/13)
   (You found it on level 8 of the Dungeon)
Jewellery
 i - an uncursed ring of sustain attributes
 j - a ring of ice (left hand)
 m - a ring of protection from magic (right hand)
 G - an uncursed ring of see invisible
 K - a +3 ring of evasion
 O - an amulet of clarity (around neck)
Wands
 e - a wand of digging (8)
 g - a wand of digging (10)
 s - a wand of teleportation (2)
 y - a wand of draining (2)
 z - a wand of disintegration (16)
 I - a wand of random effects (27)
 Y - a wand of lightning (8)
Scrolls
 f - 10 scrolls of amnesia
 h - 4 scrolls of identify
 k - 2 scrolls of teleportation
 l - 6 scrolls of magic mapping
 v - 7 scrolls of enchant weapon
 B - a scroll of fog
 F - a scroll of brand weapon
 J - 6 scrolls of remove curse
 N - 5 scrolls of enchant armour
 S - a scroll of silence
 U - a scroll of recharging
 W - a scroll of summoning
 Z - a scroll of acquirement
Potions
 d - 2 potions of magic
 n - 5 potions of agility
 q - 7 potions of brilliance
 t - 8 potions of flight
 w - 2 potions of heal wounds
 A - 3 potions of resistance
 D - 2 potions of cancellation
 E - 6 potions of might
 L - 2 potions of invisibility
 P - 5 potions of curing
 Q - 2 potions of cure mutation
Books
 p - an Akashic Record

   Spells                             Type                      Level
   a - Dispersal                      Translocation                6
   b - Malign Gateway                 Summoning/Translocation      7
   c - Disjunction                    Translocation                8
   d - Controlled Blink               Translocation                8
Comestibles
 c - 16 bread rations
 r - 3 meat rations
 T - a beef jerky


   Skills:
 + Level 12.6 Fighting
 * Level 19.0 Polearms
 + Level 16.5 Dodging
 - Level 2.1 Stealth
 + Level 11.8 Spellcasting
 + Level 11.5 Conjurations
 - Level 2.8 Summonings
 - Level 13.6 Ice Magic
 - Level 7.0 Air Magic
 - Level 8.7 Invocations


You had 18 spell levels left.
You knew the following spells:

 Your Spells              Type           Power        Failure   Level  Hunger
a - Freeze                Ice            ####         0%          1    None
b - Ozocubu's Armour      Chrm/Ice       #######.     1%          3    None
c - Condensation Shield   Ice            ########..   1%          4    None
d - Summon Ice Beast      Ice/Summ       #######.     1%          4    None
e - Throw Icicle          Conj/Ice       #######.     1%          4    None
f - Freezing Cloud        Conj/Ice/Air   #######...   6%          6    ####...


Dungeon Overview and Level Annotations

Branches:
Dungeon (15/15)            Temple (1/1) D:6            Lair (8/8) D:10
  Swamp (4/4) Lair:5        Snake (4/4) Lair:5        Slime (0/6) Lair:7
    Orc (4/4) D:11            Elf (0/3) Orc:3        Vaults (0/5) D:14
 Depths (0/5) D:15

Altars:
Ashenzari
Cheibriados
Dithmenos
Elyvilon
Fedhas
Gozag
Kikubaaqudgha
Makhleb
Nemelex Xobeh
Okawaru
Qazlal
Ru
Sif Muna
Trog
Vehumet
Xom
Yredelemnul
Zin
The Shining One
Beogh
Jiyva

Shops:
D:6 (   D:8 (   D:9 }   D:10 !   Orc:1 [   Orc:4 (:*[

Portals:
Trove: D:11 (give +3 gold dragon armour)

Annotations:
Lair:7 1 runed door, exclusion: oklob plant
Swamp:3 exclusion: Roxanne, Roxanne
Snake:4 Vashnia
Orc:2 Rupert


Innate Abilities, Weirdness & Mutations

You revert to your normal form in water.
You are very nimble and swift while swimming.
Potions and wands are less effective at restoring your health.


Message History

Blink to where?
Press: ? - help, Dir - move target cursor, p - Vashnia You are very lightly contaminated with residual magic.
As you read the scroll of blinking, it crumbles to dust.
Cheibriados appreciates the change of pace.
You feel a bit more experienced.
Items here: ( )) [ a shortbow; an uncursed long sword; 12 arrows; a robe Cheibriados thoroughly appreciates the change of pace.
You feel a bit more experienced.
Things that are here:
2 silver bolts; 4 arrows You see here a silver bolt.
Your icy armour starts to melt.
Things that are here:
a halberd; a robe Your icy armour evaporates.
You see here a mace.
Vashnia shoots a bolt.
The bolt hits you!!
You die...

.## #.# #.# ##...))).<'.##.). .#
#.# #.# ##...().###.##.. .# #.#
#.# ##...)## #..##. .# #.# #.#
####'# #..)## .# #.# #.# #(#
#).### .# #.#
#.##########)####()..# .# #<#
#.##....((((((.((.#..#
.#####.#####(##.#######N######..#
.........)..†).)@)..)...# #..#
............).((######### #..#
####''#######)############ #..#
#....## ##.............## #..#
#.....###..)............# #..#
#......##...............####..#
#.......#...............'.....#
#......................#####..#
#.....................## #^.#


You could see Vashnia.

Vanquished Creatures
  Maud (D:10)
  5 greater nagas
  Louise (Swamp:1)
  An orc warlord (Orc:2)
  A stone giant (Orc:4)
  3 ettins (Orc:4)
  Fannar (Lair:2)
  A catoblepas (Lair:6)
  Harold (D:12)
  5 anacondas
  5 naga warriors
  23 hydras
  An ogre mage (D:15)
  Erica (D:9)
  A ghost crab (Swamp:4)
  A tengu warrior (D:15)
  13 alligators
  The ghost of cireshan the Thaumaturge, a journeyman DECj of Sif Muna (Lair:1)
  8 shock serpents
  17 naga sharpshooters
  5 death yaks
  Nergalle (Lair:3)
  2 skeletal warriors
  A salamander mystic (Snake:4)
  3 sea snakes (Snake:3)
  3 naga ritualists
  5 hill giants
  6 shambling mangroves
  8 swamp dragons
  A harpy (shapeshifter) (D:13)
  A lindwurm (Lair:4)
  A necromancer (D:15)
  An orc sorcerer (D:15)
  6 hornets
  10 cyclopes
  3 oklob plants
  An ugly thing (D:12)
  3 manticores
  11 mana vipers
  4 orc knights
  3 salamanders
  8 elephants
  4 griffons
  A wolf spider (D:14)
  Maurice (D:9)
  12 naga magi
  2 guardian serpents (Snake:4)
  22 spiny frogs
  A centaur skeleton (D:14)
  4 torpor snails (Lair:2)
  A gargoyle (D:14)
  Psyche (D:8)
  A kobold demonologist (D:13)
  48 black mambas
  7 fire drakes
  10 komodo dragons
  4 spriggan druids
  3 trolls
  2 two-headed ogres
  8 polar bears (Lair:8)
  Grinder (D:6)
  8 giant leeches
  A boulder beetle (Lair:8)
  2 spriggan zombies (D:15)
  18 slime creatures
  24 blink frogs
  5 bog bodies
  6 redbacks (Lair:8)
  A trapdoor spider (D:13)
  A shadow (Swamp:4)
  16 spriggans
  2 water elementals (D:15)
  30 yaks
  A basilisk (Lair:8)
  5 hippogriffs
  16 humans (D:14)
  Grum (D:10)
  18 vampire mosquitoes
  5 wyverns
  2 deep elf magi
  21 wolves
  A soldier ant (D:12)
  6 insubstantial wisps (Swamp:3)
  17 swamp worms
  14 porcupines
  A hornet simulacrum (D:15)
  33 nagas
  2 wargs
  23 orc warriors
  4 black bears
  14 water moccasins
  12 swamp drakes
  19 wasps
  5 necrophages
  11 ice beasts
  20 ogres
  4 sky beasts
  7 centaurs
  15 crocodiles
  2 big kobolds
  A brain worm (Lair:7)
  A gnoll sergeant (D:8)
  27 giant frogs
  A water moccasin skeleton (D:10)
  6 scorpions
  7 killer bees
  4 electric eels
  9 crimson imps
  2 giant frog zombies
  4 wights
  2 quasits
  6 centaur zombies
  A giant frog skeleton (D:10)
  27 orc priests
  2 jellies
  2 gnoll shamans
  9 hounds
  4 iguanas
  7 worker ants
  20 orc wizards
  4 sheep (Lair:6)
  9 hell rats
  A killer bee zombie (D:7)
  2 hound zombies (D:8)
  A hound skeleton (D:8)
  A worker ant zombie (D:6)
  11 adders
  18 gnolls
  54 river rats
  2 shadow imps
  3 adder skeletons
  2 oozes
  An adder zombie (D:6)
  4 worms
  4 giant geckos
  162 orcs
  A ball python (D:6)
  2 bat zombies (D:4)
  8 giant cockroaches
  7 goblins
  6 hobgoblins
  13 jackals
  5 quokkas
  9 bats
  6 giant newts
  14 kobolds
  3 quokka skeletons
  A quokka zombie (D:8)
  8 rats
  6 fungi
  3 plants
1217 creatures vanquished.

Vanquished Creatures (collateral kills)
  A very ugly thing (Swamp:4)
  4 hydras
  Erolcha (D:9)
  3 death yaks (Lair:6)
  6 spriggans (Lair:8)
  A flayed ghost (D:15)
  2 hill giants (D:11)
  A wolf spider zombie (D:13)
  A frost giant zombie (D:15)
  2 elephants (Lair:8)
  2 spiny frogs
  A torpor snail (Lair:6)
  2 komodo dragons (Lair:1)
  A centaur skeleton (D:13)
  A spriggan druid (Lair:8)
  A troll (D:9)
  A guardian mummy (D:15)
  A tengu conjurer (D:14)
  10 blink frogs
  2 slime creatures (D:11)
  An ettin zombie (D:15)
  2 wyverns
  2 basilisks
  18 yaks
  2 redbacks (Lair:8)
  A deep elf mage (D:14)
  A wraith (D:10)
  11 wolves
  A vampire mosquito (D:13)
  A water moccasin (Lair:2)
  2 porcupines
  A swamp drake (Lair:5)
  A black bear (Lair:1)
  A wasp (Lair:8)
  An ice beast (D:8)
  A necrophage (Lair:6)
  2 centaurs (D:13)
  An ogre (D:10)
  A crocodile (Lair:5)
  3 giant frogs
  4 killer bees (D:8)
  2 wights
  2 jellies
  3 hell rats (Lair:6)
  3 orc priests
  A worker ant (D:8)
  A sheep (Lair:6)
  2 gnolls
  3 river rats
  10 orcs
  A jackal (D:8)
  A giant newt (Lair:5)
  A fungus (Lair:8)
  A plant (Lair:7)
133 creatures vanquished.

Vanquished Creatures (others)
  A wolf (Lair:8)
  A river rat (Lair:4)
  A bush (Lair:8)
  70 fungi
  59 plants
132 creatures vanquished.

Grand Total: 1482 creatures vanquished

Notes
Turn   | Place    | Note
--------------------------------------------------------------
     0 | D:1      | oplop the Merfolk Ice Elementalist began the quest for the Orb.
     0 | D:1      | Reached XP level 1. HP: 13/13 MP: 3/3
    11 | D:1      | Noticed a black bear
    11 | D:1      | Noticed a black mamba
    11 | D:1      | Noticed a wolf
    44 | D:1      | Noticed a wyvern
    84 | D:1      | Found a sparkling altar of Nemelex Xobeh.
   153 | D:1      | Reached XP level 2. HP: 10/19 MP: 0/5
   729 | D:2      | Reached XP level 3. HP: 24/24 MP: 1/6
  1204 | D:2      | Reached skill level 4 in Dodging
  1225 | D:2      | Reached XP level 4. HP: 30/30 MP: 3/8
  1275 | D:2      | Found a blossoming altar of Fedhas.
  1859 | D:3      | Found a white marble altar of Elyvilon.
  1935 | D:3      | Learned a level 3 spell: Ozocubu's Armour
  2293 | D:3      | Reached XP level 5. HP: 19/35 MP: 3/9
  2966 | D:4      | Noticed an ogre
  3029 | D:4      | Killed an ogre
  3029 | D:4      | Reached skill level 5 in Dodging
  3029 | D:4      | Reached XP level 6. HP: 2/41 MP: 1/11
  3461 | D:4      | Found a sacrificial altar of Ru.
  3583 | D:4      | Found a stormy altar of Qazlal.
  3584 | D:4      | Found a bloodstained altar of Trog.
  3587 | D:4      | Found a radiant altar of Vehumet.
  3729 | D:4      | Reached skill level 5 in Ice Magic
  3969 | D:4      | Found an ancient bone altar of Kikubaaqudgha.
  4281 | D:5      | Entered Level 5 of the Dungeon
  4331 | D:5      | Reached XP level 7. HP: 25/46 MP: 10/13
  4447 | D:5      | Reached skill level 6 in Dodging
  5343 | D:6      | Learned a level 4 spell: Condensation Shield
  5412 | D:6      | Gained mutation: You are robust (+10% HP). [mutagenic meat]
  5413 | D:6      | Gained mutation: Your spells are a little easier to cast, but a little less powerful. [mutagenic meat]
  5414 | D:6      | Gained mutation: Potions and wands are less effective at restoring your health. [mutagenic meat]
  5415 | D:6      | Gained mutation: Armour fits poorly on your strangely shaped body. [mutagenic meat]
  5416 | D:6      | Lost mutation: You are robust (+10% HP). [mutagenic meat]
  5592 | D:6      | Found Mutza's Antique Weapon Shop.
  5719 | D:6      | Reached skill level 7 in Dodging
  5719 | D:6      | Reached skill level 5 in Spellcasting
  5748 | D:6      | Reached XP level 8. HP: 47/52 MP: 1/15
  6078 | D:6      | Reached skill level 8 in Dodging
  6556 | D:6      | Found a staircase to the Ecumenical Temple.
  6726 | D:6      | Learned a level 4 spell: Summon Ice Beast
  6735 | D:6      | Noticed Grinder
  6763 | D:6      | Reached skill level 1 in Summonings
  6915 | D:7      | Reached XP level 9. HP: 6/57 MP: 2/18
  7740 | D:7      | Reached skill level 1 in Polearms
  8508 | D:8      | Reached skill level 1 in Fighting
  8508 | D:8      | Reached skill level 9 in Dodging
  8517 | D:8      | Found Zaufaun's Antique Weapon Shop.
  8525 | D:8      | Bought a glowing trident for 77 gold pieces
  8737 | D:8      | Identified a +6 rod of destruction (13/13) (You found it on level 8 of the Dungeon)
  9397 | D:8      | Learned a level 4 spell: Throw Icicle
  9456 | D:8      | Found a shimmering altar of Xom.
  9560 | D:8      | Noticed Psyche
  9574 | D:8      | Killed Psyche
 10002 | D:8      | Found a white marble altar of Elyvilon.
 10002 | D:8      | Found a glowing silver altar of Zin.
 10002 | D:8      | Found a glowing golden altar of the Shining One.
 10021 | D:8      | Reached XP level 10. HP: 68/70 MP: 20/20
 10081 | D:7      | Reached skill level 5 in Polearms
 10175 | D:6      | Killed Grinder
 10189 | Temple   | Entered the Ecumenical Temple
 10249 | Temple   | Became a worshipper of Cheibriados the Contemplative
 10403 | D:9      | Found Annu's Gadget Shop.
 10435 | D:9      | Reached skill level 10 in Dodging
 10484 | D:9      | Noticed Maurice
 10491 | D:9      | Noticed Erica
 10589 | D:9      | Reached skill level 1 in Invocations
 10604 | D:9      | Noticed Erolcha
 10612 | D:9      | Killed Erolcha
 10983 | D:9      | Found a blossoming altar of Fedhas.
 11057 | D:9      | Reached * piety under Cheibriados
 11185 | D:9      | Found a shattered altar of Ashenzari.
 11542 | D:10     | Entered Level 10 of the Dungeon
 11542 | D:10     | Found Supudiodgh's Distillery.
 11574 | D:10     | Found a staircase to the Lair.
 11712 | D:10     | Noticed Grum
 11721 | D:10     | Reached skill level 5 in Fighting
 11721 | D:10     | Killed Grum
 11970 | D:10     | Noticed Maud
 12512 | D:11     | Noticed a hill giant
 12621 | D:11     | Reached ** piety under Cheibriados
 12679 | D:11     | Noticed a hill giant
 12686 | D:11     | Killed a hill giant
 12697 | D:11     | Found a portal to a secret trove of treasure.
 12800 | D:11     | Found a staircase to the Orcish Mines.
 12814 | D:11     | Reached XP level 11. HP: 70/81 MP: 8/22
 12828 | D:11     | Reached skill level 11 in Dodging
 13025 | D:11     | Noticed a hill giant
 13405 | D:11     | Killed a hill giant
 13460 | D:12     | Noticed a hill giant
 13473 | D:12     | Killed a hill giant
 13937 | D:12     | Reached *** piety under Cheibriados
 13943 | D:12     | Gained mutation: Your body sometimes deteriorates upon taking damage. [mutagenic meat]
 13944 | D:12     | Gained mutation: Scrolls take you a little longer to read. [mutagenic meat]
 14052 | D:10     | Bought a potion of cure mutation for 385 gold pieces
 14052 | D:10     | Lost mutation: Armour fits poorly on your strangely shaped body. [potion of cure mutation]
 14052 | D:10     | Lost mutation: Your spells are a little easier to cast, but a little less powerful. [potion of cure mutation]
 14052 | D:10     | Lost mutation: Your body sometimes deteriorates upon taking damage. [potion of cure mutation]
 14052 | D:10     | Lost mutation: Scrolls take you a little longer to read. [potion of cure mutation]
 14092 | D:10     | Noticed a hill giant
 14107 | D:10     | Killed a hill giant
 14107 | D:10     | Reached skill level 5 in Invocations
 14689 | D:12     | Noticed a four-headed hydra
 14693 | D:12     | Noticed Harold
 15033 | D:13     | Noticed a harpy
 15071 | D:13     | Reached **** piety under Cheibriados
 15090 | D:13     | Reached skill level 1 in Conjurations
 15266 | D:13     | Noticed a five-headed hydra
 15284 | D:13     | Killed a five-headed hydra
 15284 | D:13     | Reached skill level 12 in Dodging
 15624 | D:13     | Reached XP level 12. HP: 44/91 MP: 2/24
 15810 | D:13     | Reached skill level 10 in Polearms
 16384 | Lair:1   | Entered Level 1 of the Lair of Beasts
 16503 | Lair:1   | Noticed cireshan's ghost (journeyman DECj)
 16529 | Lair:1   | Killed cireshan's ghost
 17193 | Lair:1   | Noticed a seven-headed hydra
 17201 | Lair:1   | Killed a seven-headed hydra
 17206 | Lair:1   | Identified the Disquisition on Flight
 17657 | Lair:2   | Found a frozen archway.
 17681 | Lair:2   | Noticed Fannar
 17712 | Lair:2   | Killed Fannar
 18324 | Lair:2   | Reached XP level 13. HP: 89/99 MP: 25/25
 18489 | Lair:2   | Found a snail-covered altar of Cheibriados.
 18549 | Lair:2   | Reached skill level 5 in Conjurations
 18853 | Lair:3   | Reached skill level 10 in Ice Magic
 18916 | Lair:1   | Learned a level 6 spell: Freezing Cloud
 19178 | Lair:3   | Reached skill level 1 in Air Magic
 19478 | Lair:3   | Noticed Nergalle
 19485 | Lair:3   | Killed Nergalle
 20617 | Lair:4   | Found a bloodstained altar of Trog.
 20631 | Lair:4   | Got a transparent mace
 20632 | Lair:4   | Identified the +4 mace of the Lesser Evil {venom, Int+4} (You found it on level 4 of the Lair of Beasts)
 20740 | Lair:5   | Found a stormy altar of Qazlal.
 21142 | Lair:5   | Found a staircase to the Swamp.
 21702 | Lair:5   | Found a staircase to the Snake Pit.
 22431 | Lair:6   | Reached ***** piety under Cheibriados
 24122 | Lair:6   | Reached XP level 14. HP: 100/105 MP: 26/26
 24580 | Lair:7   | Reached skill level 5 in Air Magic
 24958 | Lair:7   | Reached ****** piety under Cheibriados
 25329 | Lair:7   | Found a runed door.
 25332 | Lair:7   | Found a viscous altar of Jiyva.
 25333 | Lair:7   | Noticed an acid blob
 25338 | Lair:7   | Found a staircase to the Slime Pits.
 25468 | Lair:7   | Identified a scroll of acquirement
 25964 | Lair:8   | Entered Level 8 of the Lair of Beasts
 26460 | Lair:8   | HP: 4/106 [young spriggan druid/angry trees (8)]
 28647 | D:9      | Bought a wand of teleportation (6) for 450 gold pieces
 28854 | Lair:4   | Reached XP level 15. HP: 101/112 MP: 15/27
 29477 | Lair:8   | Reached skill level 13 in Ice Magic
 30383 | D:10     | Killed Maud
 30425 | Orc:1    | Entered Level 1 of the Orcish Mines
 30425 | Orc:1    | Found Ruvuwk's Armour Emporium.
 30493 | Orc:1    | Found a roughly hewn altar of Beogh.
 30620 | Orc:2    | Noticed Rupert
 30971 | Orc:3    | Found a staircase to the Elven Halls.
 31443 | Orc:4    | Entered Level 4 of the Orcish Mines
 31663 | Orc:4    | Found Ogiuc's Antique Weapon Shoppe.
 31744 | Orc:4    | Bought a bloodstained glaive for 345 gold pieces
 31744 | Orc:4    | Identified the +0 glaive "Furic" {flame, rF+ Str+4} (You bought it in a shop on level 4 of the Orcish Mines)
 31774 | Orc:4    | Found Lanta's Antique Armour Emporium.
 31918 | Orc:4    | Found Lapha's Book Boutique.
 32085 | Orc:4    | Found Syppakh's General Store.
 32689 | D:12     | Killed Harold
 32922 | D:12     | Killed a three-headed hydra
 33035 | D:13     | Killed a harpy
 33083 | D:14     | Found a gate to the Vaults.
 33353 | D:14     | Got a pair of fine gloves
 33364 | D:14     | Identified the cursed +0 pair of gloves of the Fifty Curses {*Drain rF+ rN+ Str+2} (You found it on level 14 of the Dungeon)
 34021 | D:15     | Entered Level 15 of the Dungeon
 34165 | D:15     | Found a staircase to the Depths.
 34171 | D:15     | Reached XP level 16. HP: 119/121 MP: 16/29
 34668 | D:15     | Reached skill level 14 in Dodging
 34682 | D:15     | Got a bloodstained leather armour
 34701 | D:15     | Identified the +0 leather armour of the Kettle-Drum {rPois} (You found it on level 15 of the Dungeon)
 34898 | D:15     | Got a slimy leather armour
 34909 | D:15     | Identified the +4 leather armour "Jaschen" {*Corrode rN+ Slay+3} (You found it on level 15 of the Dungeon)
 35450 | D:5      | Got a bloodstained cloak
 35456 | D:5      | Identified the +0 cloak of the King of the Hill {rPois rC+ rCorr} (You found it on level 5 of the Dungeon)
 35630 | D:9      | Killed Maurice
 35690 | D:9      | Found a shadowy altar of Dithmenos.
 35696 | D:9      | Killed Erica
 35696 | D:9      | Reached skill level 10 in Fighting
 35943 | Swamp:1  | Entered Level 1 of the Swamp
 35955 | Swamp:1  | Reached skill level 10 in Conjurations
 36231 | Swamp:1  | Noticed Louise
 36242 | Swamp:1  | Killed Louise
 37426 | Swamp:3  | Reached skill level 10 in Spellcasting
 37620 | Swamp:3  | Reached skill level 15 in Polearms
 37795 | Swamp:3  | Got a translucent leather armour
 37806 | Swamp:3  | Identified the +1 leather armour of the Gloaming {Str+2 Int+4} (You found it on level 3 of the Swamp)
 37937 | Swamp:3  | Noticed Roxanne
 38086 | Swamp:4  | Entered Level 4 of the Swamp
 38313 | Swamp:4  | Reached skill level 15 in Dodging
 38313 | Swamp:4  | Reached XP level 17. HP: 45/130 MP: 5/31
 38638 | Swamp:4  | Reached skill level 16 in Polearms
 39823 | Swamp:4  | Got a decaying rune of Zot
 40310 | Snake:1  | Entered Level 1 of the Snake Pit
 40922 | Snake:1  | Reached skill level 17 in Polearms
 42520 | Snake:2  | Reached XP level 18. HP: 127/140 MP: 26/33
 42940 | Snake:3  | Reached skill level 18 in Polearms
 42955 | Snake:3  | Found a shadowy altar of Dithmenos.
 43534 | Snake:4  | Entered Level 4 of the Snake Pit
 45417 | Snake:4  | Reached skill level 19 in Polearms
 45424 | Snake:4  | Noticed Vashnia
 45437 | Snake:4  | HP: 6/142 [naga sharpshooter/arrow (12)]
 45448 | Snake:4  | Shot with a bolt by Vashnia

Action                   |  1- 3 |  4- 6 |  7- 9 | 10-12 | 13-15 | 16-18 || total
-------------------------+-------+-------+-------+-------+-------+-------++-------
Melee: Unarmed           |     2 |       |       |       |       |       ||     2
       Spear             |    71 |    90 |       |       |       |       ||   161
       Trident           |       |    44 |   149 |   651 |   117 |       ||   961
       Halberd           |       |       |   190 |       |       |       ||   190
       Glaive            |       |       |       |       |  1302 |  1075 ||  2377
 Cast: Freeze            |    32 |    83 |   134 |    26 |    58 |    27 ||   360
       Ozocubu's Armour  |       |     1 |    20 |    25 |    66 |    45 ||   157
       Condensation Shie |       |       |    11 |    22 |    63 |    40 ||   136
       Summon Ice Beast  |       |       |    20 |    64 |   100 |     7 ||   191
       Throw Icicle      |       |       |       |    23 |    34 |    44 ||   101
       Freezing Cloud    |       |       |       |       |    22 |    62 ||    84
Invok: Slouch            |       |       |       |     6 |    12 |    13 ||    31
       Bend Time         |       |       |       |     2 |     3 |       ||     5
       Temporal Distorti |       |       |       |       |     2 |       ||     2
       Step From Time    |       |       |       |       |     1 |       ||     1
Evoke: Wand              |       |       |     3 |     4 |    10 |       ||    17
       Rod               |       |       |    11 |    35 |    19 |       ||    65
  Use: Scroll            |       |       |    14 |    14 |    16 |     6 ||    50
       Potion            |       |       |     4 |     8 |     2 |       ||    14
 Stab: Sleeping          |     5 |    11 |     9 |     9 |    23 |    14 ||    71
       Distracted        |     1 |       |     3 |     6 |    32 |     8 ||    50
       Confused          |       |       |       |       |     1 |       ||     1
  Eat: Meat ration       |     1 |       |     2 |     2 |     3 |     1 ||     9
       Pizza             |       |     1 |     1 |     2 |     1 |     3 ||     8
       Bread ration      |       |     1 |       |       |       |       ||     1
       Chunk             |       |     1 |     9 |    23 |    17 |     4 ||    54
       Fruit             |       |       |    14 |       |     7 |    14 ||    35
       Royal jelly       |       |       |     1 |     1 |       |       ||     2
       Beef jerky        |       |       |       |       |     3 |     7 ||    10
